 Dungeon Crawl Stone Soup version 0.20.1-1-g8b1a95d (webtiles) character file.

721 WiZmei the Shield-Bearer (level 7, 0/43 HPs)
             Began as a Gargoyle Fighter on Nov 30, 2017.
             Was a Follower of the Shining One.
             Slain by a crimson imp (1 damage)
             ... on level 5 of the Dungeon.
             The game lasted 00:13:18 (4755 turns).

WiZmei the Shield-Bearer (Gargoyle Fighter)         Turns: 4755, Time: 00:13:19

Health: 0/43       AC:  1    Str: 22    XL:     7   Next: 70%
Magic:  7/7        EV:  6    Int: 14    God:    the Shining One [*.....]
Gold:   245        SH: 10    Dex: 11    Spells: 6/6 levels left

rFire    . . .     SeeInvis .   a - +0 flail
rCold    . . .     Gourm    .   c - +0 shield
rNeg     + + .     Faith    .   y - +3 leather armour {rN+}
rPois    ∞         Spirit   .   u - +0 helmet
rElec    +         Reflect  .   d - +0 cloak
rCorr    .         Harm     .   (no gloves)
MR       .....                  (no boots)
Stlth    +.........             (no amulet)
Regen    0.2/turn               g - +6 ring of intelligence
MPRegen  0.1/turn               v - ring "Zikiu" {EV-3 Dex+2} (curse)

@: corroded, glowing, drained
A: negative energy resistance 1, electricity resistance, unbreathing,
petrification resistance, rot immunity, AC +4
a: Renounce Religion


You were on level 5 of the Dungeon.
You worshipped the Shining One.
The Shining One was aware of your devotion.
You were not hungry.

You visited 1 branch of the dungeon, and saw 5 of its levels.

You collected 245 gold pieces.

Inventory:

Hand Weapons
 a - a +0 flail (weapon)
Armour
 b - a +0 scale mail
 c - a +0 shield (worn)
 d - a +0 cloak (worn)
 u - a +0 helmet (worn)
 y - a +3 leather armour of positive energy (worn)
Jewellery
 g - a +6 ring of intelligence (left hand)
 t - an uncursed ring of resist corrosion
 v - the cursed ring "Zikiu" (right hand) {EV-3 Dex+2}
   (You found it on level 5 of the Dungeon)

   [ring of evasion]

   It affects your evasion (-3).
   It affects your dexterity (+2).
   It has a curse placed upon it.
Scrolls
 e - 2 scrolls of magic mapping {unknown}
 h - 6 scrolls of identify {unknown}
 j - 3 scrolls of remove curse {unknown}
 k - a scroll of immolation {unknown}
 n - a scroll of blinking {unknown}
 o - 3 scrolls of fear {unknown}
 q - a scroll of teleportation {unknown}
 A - a scroll of enchant weapon {unknown}
Potions
 l - a potion of haste {unknown}
 r - a potion of resistance {unknown}
 s - a potion of degeneration {unknown}
 w - a potion of invisibility
 x - a potion of ambrosia {unknown}
Comestibles
 f - 3 bread rations
 i - a royal jelly
 m - a meat ration


   Skills:
 + Level 4.2(3.3) Fighting
 + Level 4.6(3.7) Maces & Flails
 + Level 4.8(3.8) Armour
 + Level 2.2(1.3) Dodging
 + Level 6.2(5.1) Shields


You had 6 spell levels left.
You didn't know any spells.

Dungeon Overview and Level Annotations

Branches:
Dungeon (5/15)
 Temple: D:4-7

Altars:
Gozag
Nemelex Xobeh
The Shining One


Innate Abilities, Weirdness & Mutations

You are resistant to torment.
Your stone body is resilient. (AC +4)
You are immune to poison.
You resist negative energy. (rN+)
You are resistant to electric shocks. (rElec)
You can survive without breathing.
You are immune to petrification.
You are immune to rotting.


Message History

The jelly barely misses you.
The crimson imp blinks!
The jelly hits you.
* * * LOW HITPOINT WARNING * * *
You are splashed with acid!
The acid burns!
* * * LOW HITPOINT WARNING * * *
You feel better. The jelly hits you.
* * * LOW HITPOINT WARNING * * *
You are splashed with acid!
The acid burns!
* * * LOW HITPOINT WARNING * * *
You hit the jelly.
You kill the jelly!
The crimson imp blinks!
You closely miss the crimson imp. You block the crimson imp's attack.
You hit the crimson imp.
The crimson imp is lightly wounded.
The crimson imp hits you.
* * * LOW HITPOINT WARNING * * *
You closely miss the crimson imp. The crimson imp hits you.
The Shining One protects you from harm! The crimson imp hits you.
You die...

..#####.###.##
#.# .. #..##.#
#.# . ##..W.#
#.# ##..## #.#
#..# #.# #.##
#.# #.# #.#
#.# #.# #..
#@# ... #5#
...#####.#
.........#
#.......!..#
........<.#
..........#
..........#
.........##


You could see a crimson imp.

Vanquished Creatures
  Eustachio (D:4)
  A phantom (D:5)
  A hound (D:4)
  A jelly (D:5)
  Crazy Yiuf (D:3)
  3 orc wizards
  A bullfrog skeleton (D:5)
  Ijyb (D:3)
  Natasha (thrice) (D:3)
  A worker ant (D:4)
  Robin (D:3)
  6 adders
  An ooze (D:2)
  2 worms
  3 dart slugs
  5 leopard geckos
  6 orcs
  10 bats
  A giant cockroach (D:3)
  11 goblins
  9 hobgoblins
  6 jackals
  12 kobolds
  A ball python (D:2)
  11 frilled lizards
  A jackal skeleton (D:4)
  5 rats
  A fungus (D:3)
106 creatures vanquished.

Notes
Turn   | Place    | Note
-------+----------+-------------------------------------------
     0 | D:1      | WiZmei the Gargoyle Fighter began the quest for the Orb.
     0 | D:1      | Reached XP level 1. HP: 14/14 MP: 1/1
   292 | D:1      | Reached XP level 2. HP: 19/19 MP: 2/2
   854 | D:1      | Reached XP level 3. HP: 23/23 MP: 3/3
  1293 | D:2      | Reached skill level 4 in Shields
  1360 | D:2      | Reached XP level 4. HP: 28/28 MP: 4/4
  2032 | D:2      | Found a sparkling altar of Nemelex Xobeh.
  2032 | D:2      | Found an opulent altar of Gozag.
  2155 | D:3      | Noticed Ijyb
  2210 | D:3      | Killed Ijyb
  2263 | D:3      | Reached XP level 5. HP: 30/32 MP: 5/5
  2313 | D:3      | Reached skill level 1 in Dodging
  2487 | D:3      | Noticed Natasha
  2497 | D:3      | Killed Natasha
  2550 | D:3      | Found a glowing golden altar of the Shining One.
  2553 | D:3      | Became a worshipper of the Shining One
  2649 | D:3      | Noticed Natasha
  2660 | D:3      | Killed Natasha
  2660 | D:3      | Reached skill level 5 in Shields
  2660 | D:3      | Reached XP level 6. HP: 37/38 MP: 6/6
  2766 | D:3      | Noticed Natasha
  2782 | D:3      | Killed Natasha
  2922 | D:3      | Noticed Robin
  2965 | D:3      | Killed Robin
  3267 | D:3      | Found a runed door.
  3271 | D:3      | Noticed Crazy Yiuf
  3277 | D:3      | Killed Crazy Yiuf
  3974 | D:4      | Noticed Eustachio
  4062 | D:4      | Killed Eustachio
  4062 | D:4      | Reached XP level 7. HP: 37/43 MP: 7/7
  4591 | D:5      | Entered Level 5 of the Dungeon
  4689 | D:5      | Got a coiled marble ring
  4691 | D:5      | Identified the cursed ring "Zikiu" {EV-3 Dex+2} (You found it on level 5 of the Dungeon)
  4708 | D:5      | Reached skill level 6 in Shields
  4727 | D:5      | Reached * piety under the Shining One
  4744 | D:5      | HP: 1/43 [acid (7)]
  4754 | D:5      | HP: 1/43 [crimson imp (2)]
  4755 | D:5      | The Shining One protects you from harm!
  4755 | D:5      | Slain by a crimson imp

Skill      XL: |  1  2  3  4  5  6  7 |
---------------+----------------------+-----
Armour         | 4 |  4.8
Shields        | 4 5 6 |  6.2
Dodging        | 1 2 |  2.2
Maces & Flails | 3 4 |  4.6
Fighting       | 4 |  4.2

Action                   |  1- 3 |  4- 6 |  7- 9 || total
-------------------------+-------+-------+-------++-------
Melee: Flail             |   155 |   346 |    63 ||   564
  Use: Potion            |       |     2 |     1 ||     3
  Eat: Chunk             |     2 |     8 |       ||    10
       Bread ration      |       |     1 |       ||     1
Armor: Scale mail        |   146 |   217 |       ||   363
       Leather armour    |       |       |    30 ||    30
Dodge: Dodged            |    69 |   134 |    20 ||   223
Block: Shield            |   131 |   220 |    24 ||   375
